 Dungeon Crawl Stone Soup version 0.24-a0-584-g9d6b971ae4 (webtiles) character file.

Game seed: 11663543255427683675, levelgen mode: deterministic

9269 Gynju the Cleaver (level 11, -1/86 HPs)
             Began as a Formicid Fighter on Sept 6, 2019.
             Was a Priest of the Shining One.
             Slain by a hellwing (5 damage)
             ... on level 1 of the Abyss.
             The game lasted 00:12:47 (11079 turns).

Gynju the Cleaver (Formicid Fighter)               Turns: 11079, Time: 00:12:47

Health: -1/86      AC: 10    Str: 25    XL:     11   Next: 71%
Magic:  11/11      EV:  8    Int:  7    God:    the Shining One [***...]
Gold:   646        SH: 17    Dex: 10    Spells: 10/10 levels left

rFire    + . .     SeeInvis +   o - +0 battleaxe
rCold    . . .     Gourm    .   e - +0 large shield
rNeg     + . .     Faith    .   b - +1 ring mail "Locuwat" {rF+ Stlth+}
rPois    .         Spirit   .   (helmet unavailable)
rElec    .         Reflect  .   i - +0 cloak
rCorr    .         Harm     .   (no gloves)
MR       ++...                  h - +0 pair of boots
Stlth    +.........             (no amulet)
HPRegen  0.24/turn              p - ring of protection from magic
MPRegen  0.12/turn              (no ring)

@: glowing
A: permanent stasis, dig shafts and tunnels, four strong arms, antennae 3
a: Dig, Shaft Self, Divine Shield, Renounce Religion


You were on level 1 of the Abyss.
You worshipped the Shining One.
The Shining One was most pleased with you.
You were not hungry.

You visited 2 branches of the dungeon, and saw 11 of its levels.
You visited the Abyss 1 time.

You collected 646 gold pieces.

Inventory:

Hand Weapons
 o - a +0 battleaxe (weapon)
Armour
 b - the +1 ring mail "Locuwat" (worn) {rF+ Stlth+}
   (You found it on level 7 of the Dungeon)

   It protects you from fire.
   It makes you more stealthy.
 e - a +0 large shield (worn)
 h - a +0 pair of boots (worn)
 i - a +0 cloak (worn)
Jewellery
 m - a +2 ring of protection {unknown}
 p - a ring of protection from magic (left hand)
Wands
 y - a wand of iceblast (10)
Scrolls
 a - a scroll of silence {unknown}
 g - 11 scrolls of remove curse {@r2}
 j - 2 scrolls of enchant weapon {unknown}
 k - a scroll of torment {unknown}
 q - a scroll of holy word {unknown}
 r - a scroll of fear
 t - a scroll of immolation {unknown}
 u - a scroll of fog
 v - 2 scrolls of magic mapping
 x - a scroll of vulnerability {unknown}
 A - a scroll of identify {@r1}
Potions
 c - 3 potions of lignification
 l - 5 potions of curing {@q1}
 n - 4 potions of flight
 s - a potion of agility
 w - 4 potions of mutation {unknown}
 z - a potion of magic {unknown}
 B - 2 potions of invisibility {unknown}
 C - a potion of ambrosia {unknown}
Comestibles
 f - 19 rations


   Skills:
 + Level 8.0 Fighting
 + Level 13.1 Axes
 + Level 8.0 Armour
 + Level 8.7 Shields


You had 10 spell levels left.
You didn't know any spells.
Your spell library contained the following spells:

 Spells                   Type           Power        Failure   Level  Hunger
 Beastly Appendage        Tmut           #.....       95%         1    ##.....
 Sticks to Snakes         Tmut           #.......     98%         2    ###....
 Spider Form              Tmut/Pois      #.........   100%        3    ####...
 Ice Form                 Ice/Tmut       #.......     100%        4    #####..
 Blade Hands              Tmut           #.........   100%        5    ######.


Dungeon Overview and Level Annotations

Branches:
Dungeon (10/15)            Temple (1/1) D:5
   Lair: D:8-11         Orc: D:9-12

Altars:
Ashenzari
Cheibriados
Dithmenos
Elyvilon
Fedhas
Hepliaklqana
Kikubaaqudgha
Makhleb
Nemelex Xobeh
Okawaru
Ru
Sif Muna
Trog
Uskayaw
Vehumet
Wu Jian
Xom
Yredelemnul
Zin
The Shining One

Shops:
D:9 !*

Annotations:
D:10 Sonja


Innate Abilities, Weirdness & Mutations

You cannot be hasted, slowed, berserked, paralysed or teleported.
You can dig through walls and to a lower floor.
Your four strong arms can wield two-handed weapons with a shield.
You have a pair of large antennae on your head. (SInv)


Message History

You are too injured to fight recklessly!
You are too injured to fight recklessly!
You are too injured to fight recklessly!
The hellwing swoops through the air toward you!
You block the hellwing's attack. The hellwing closely misses you.
You block the troll simulacrum's attack. x2
The troll simulacrum claws you but does no damage.
The hellwing barely misses you.
The hellwing hits you but does no damage.
The hellwing barely misses you. You block the hellwing's attack.
You see here a book of Maledictions.
The hellwing swoops through the air toward you!
You block the hellwing's attack.
The hellwing hits you but does no damage.
You hit the hellwing but do no damage.
The hellwing is lightly wounded.
You slash the large abomination!
The large abomination hits you but does no damage.
The hellwing hits you.
You die...

#..##.# .....##
## #....#. #..
.....###..
##....#..#
#.#.....#
#..#..#4#..##
#.....@....#
####...X..#.#.
#.######Z#.#.
#.....##:.#..##.
......#.......#
##.........###.
.....#...........
####.#.##
......#.. ..{ . .
#...####...


You could see a large abomination, a hellwing and a troll simulacrum.

Vanquished Creatures
  A rakshasa (Abyss:1)
  2 two-headed ogres
  An unseen horror (D:9)
  An ugly thing (D:9)
  A smoke demon (Abyss:1)
  A troll (D:9)
  An ancient zyme (Abyss:1)
  A hippogriff (D:7)
  A wyvern (D:10)
  Sigmund (D:5)
  A ynoxinul (Abyss:1)
  A spriggan (D:7)
  A steam dragon (D:9)
  5 humans (D:10)
  3 orc warriors
  3 ice beasts
  2 sky beasts (D:8)
  2 black bears
  4 ogres
  5 centaurs
  2 bullfrogs (D:9)
  4 scorpions
  3 killer bees (D:10)
  12 wights
  3 howler monkeys
  A crimson imp (D:6)
  A bullfrog zombie (D:5)
  2 small abominations (Abyss:1)
  7 hounds
  3 jellies
  An orc priest (D:5)
  4 iguanas
  2 iron imps (Abyss:1)
  11 orc wizards
  6 worker ants
  4 hound skeletons
  12 adders
  3 adder zombies
  2 adder skeletons
  6 worms
  2 dart slugs
  3 leopard geckos
  33 orcs
  A ball python (D:3)
  6 giant cockroaches
  5 goblins
  3 hobgoblins
  15 jackals
  7 kobolds
  3 quokkas
  7 bats
  6 frilled lizards
  A giant cockroach zombie (D:5)
  A jackal zombie (D:5)
  A quokka skeleton (D:7)
  9 rats
230 creatures vanquished.

Notes
Turn   | Place    | Note
-------+----------+-------------------------------------------
     0 | D:1      | Gynju the Formicid Fighter began the quest for the Orb.
     0 | D:1      | Reached XP level 1. HP: 18/18 MP: 1/1
   190 | D:1      | You fall into a shaft and drop 1 floor!
   195 | D:2      | Reached skill level 3 in Axes
   195 | D:2      | Reached XP level 2. HP: 24/24 MP: 2/2
   303 | D:2      | Reached XP level 3. HP: 17/29 MP: 3/3
   717 | D:2      | Reached skill level 4 in Axes
   717 | D:2      | Reached XP level 4. HP: 35/35 MP: 4/4
  1583 | D:1      | Reached XP level 5. HP: 39/41 MP: 5/5
  2044 | D:3      | Reached skill level 5 in Axes
  2532 | D:3      | Found a glowing silver altar of Zin.
  3026 | D:4      | Found a sparkling altar of Nemelex Xobeh.
  3028 | D:4      | Found a bloodstained altar of Trog.
  3055 | D:4      | Reached XP level 6. HP: 41/47 MP: 6/6
  3311 | D:4      | Reached skill level 6 in Axes
  3530 | D:5      | Entered Level 5 of the Dungeon
  3705 | D:5      | Noticed Sigmund
  3824 | D:5      | Killed Sigmund
  3824 | D:5      | Reached skill level 7 in Axes
  3824 | D:5      | Reached XP level 7. HP: 27/52 MP: 7/7
  3994 | D:5      | Found a staircase to the Ecumenical Temple.
  4381 | D:5      | Reached skill level 8 in Axes
  4761 | D:5      | Found a shimmering altar of Xom.
  4761 | D:5      | Found an ornate altar of the Wu Jian Council.
  4802 | D:5      | Reached XP level 8. HP: 41/58 MP: 8/8
  5071 | D:5      | Reached skill level 9 in Axes
  5217 | Temple   | Entered the Ecumenical Temple
  5309 | Temple   | Became a worshipper of the Shining One
  5960 | D:6      | Reached skill level 10 in Axes
  6243 | D:6      | Reached XP level 9. HP: 61/64 MP: 9/9
  6433 | D:6      | Reached skill level 11 in Axes
  6832 | D:6      | Reached * piety under the Shining One
  7440 | D:7      | Got a crude ring mail
  7451 | D:7      | Identified the +1 ring mail "Locuwat" {rF+ Stlth+} (You
                  | found it on level 7 of the Dungeon)
  7619 | D:7      | Found a blossoming altar of Fedhas.
  7636 | D:7      | Found a shattered altar of Ashenzari.
  7683 | D:7      | Found a sacrificial altar of Ru.
  7752 | D:7      | Noticed a hippogriff
  7760 | D:7      | Killed a hippogriff
  7775 | D:7      | Reached skill level 12 in Axes
  7775 | D:7      | Reached XP level 10. HP: 27/73 MP: 10/10
  8031 | D:8      | Reached skill level 5 in Shields
  8187 | D:8      | Noticed a two-headed ogre
  8200 | D:8      | Killed a two-headed ogre
  8200 | D:8      | Reached skill level 5 in Fighting
  8200 | D:8      | Reached skill level 5 in Armour
  8813 | D:8      | Reached ** piety under the Shining One
  8889 | D:9      | Noticed a brown ugly thing
  8898 | D:9      | Killed a brown ugly thing
  9211 | D:9      | Noticed an unseen horror
  9214 | D:9      | Killed an unseen horror
  9314 | D:9      | Found Daofin's Distillery.
  9341 | D:9      | Reached XP level 11. HP: 38/83 MP: 11/11
  9657 | D:9      | Found Luimnu's General Store.
  9942 | D:10     | Entered Level 10 of the Dungeon
 10508 | D:10     | Noticed a two-headed ogre
 10514 | D:10     | Killed a two-headed ogre
 10735 | D:10     | Reached skill level 13 in Axes
 10805 | D:10     | Noticed Sonja
 10811 | D:10     | Cast into level 1 of the Abyss (Sonja)
 10811 | Abyss:1  | Found a corrupted altar of Lugonu.
 10879 | Abyss:1  | Noticed a rakshasa
 10890 | Abyss:1  | HP: 3/85 [rakshasa (illusionary)/+0 trident (14)]
 10891 | Abyss:1  | The Shining One protects you from harm!
 10893 | Abyss:1  | Killed a rakshasa
 10917 | Abyss:1  | Noticed a starcursed mass
 11061 | Abyss:1  | Reached *** piety under the Shining One
 11068 | Abyss:1  | HP: 1/86 [hellwing (5)]
 11079 | Abyss:1  | Slain by a hellwing

Levels and vault maps discovered:
D:1:      evilmike_arrival_rings, layout_basic
D:2:      layout_loops_ring
D:3:      layout_rooms, lemuel_coloured_pillars_altar
D:4:      layout_gridville, nicolae_overflow_hidden_temple
D:5:      layout_layer_cave, gammafunk_temple_overflow_statue,
          minmay_temple_entry_stoned_glass, first_ration, uniq_sigmund
D:6:      layout_loops_ring
D:7:      layout_rooms, fedhas_altar_2, nicolae_ru_the_path_less_chosen,
          the_bakery, ashenzari_altar_1
D:8:      layout_basic, serial_curves, eino_curves_03, eino_curves_01
D:9:      layout_cave_pools, serial_shops, shop_fountains, shop
D:10:     layout_irregular_city, orc_0_dummy, ebering_ghost_disaster_area,
          minmay_ruffians, uniq_sonja
Temple:   nicolae_temple_god_jail
Abyss:1:  hangedman_eye_storm

Skill      XL: |  1  2  3  4  5  6  7  8  9 10 11 |
---------------+----------------------------------+-----
Axes           | 3 4 5 7 8 10 12 13 | 13.1
Shields        | 4 7 8 |  8.7
Fighting       | 4 6 8 |  8.0
Armour         | 4 6 8 |  8.0

Action                   |  1- 3 |  4- 6 |  7- 9 | 10-12 || total
-------------------------+-------+-------+-------+-------++-------
Melee: War axe           |    53 |   242 |   273 |    50 ||   618
       Battleaxe         |       |       |       |   165 ||   165
  Use: Potion            |       |     1 |       |     5 ||     6
       Scroll            |       |       |    15 |     1 ||    16
  Eat: Chunk             |       |     9 |    10 |    11 ||    30
       Ration            |       |       |     1 |       ||     1
Armor: Scale mail        |    20 |    77 |    51 |       ||   148
       Plate armour      |       |       |    18 |       ||    18
       Ring mail         |       |       |    10 |    52 ||    62
Dodge: Dodged            |    13 |    44 |    34 |    52 ||   143
Block: Shield            |     5 |       |       |       ||     5
       Large shield      |    33 |   200 |   173 |   192 ||   598

Table legend:
 A = Non-vault XP
 B = Vault XP
 C = Vault XP percentage of total XP
 D = Non-vault monster count
 E = Vault monster count
 F = Vault count percentage of total count
                 A         B        C        D         E       F
            +---------+---------+-------+---------+---------+-------
      Total |   11886 |    1356 |  10.2 |     223 |       7 |   3.0
            +---------+---------+-------+---------+---------+-------
        D:1 |      29 |       0 |   0.0 |      17 |       0 |   0.0
        D:2 |     119 |       0 |   0.0 |      30 |       0 |   0.0
        D:3 |      91 |       0 |   0.0 |      23 |       0 |   0.0
        D:4 |      97 |       0 |   0.0 |       8 |       0 |   0.0
        D:5 |     727 |     208 |  22.2 |      21 |       1 |   4.5
        D:6 |    1554 |       0 |   0.0 |      38 |       0 |   0.0
        D:7 |     922 |     205 |  18.2 |      23 |       1 |   4.2
        D:8 |    2128 |       0 |   0.0 |      25 |       0 |   0.0
        D:9 |    2455 |       0 |   0.0 |      20 |       0 |   0.0
       D:10 |    1591 |     943 |  37.2 |      10 |       5 |  33.3
    Abyss:1 |    2173 |       0 |   0.0 |       8 |       0 |   0.0
            +---------+---------+-------+---------+---------+-------
